[Event "Titled Tuesday Blitz April 18 Early 2023"]
[White "Kotepalli, Sai Nirupama"]
[Black "Flis, Pawel"]
[WhiteFideId "5039444"]
[BlackFideId "1112864"]
[WhiteElo "2343"]
[BlackElo "1822"]
[Result "1-0"]
[Round "11"]
[TimeControl "180+2"]
[Date "2023.04.18"]
[WhiteClock "0:00:14"]
[BlackClock "0:00:07"]

1. e4 c5 2. Nf3 d6 3. d3 Nf6 4. g3 g6 5. Bg2 Bg7 6. O-O O-O 7. c3 Nc6 8. Qe2 e5 9. a3 a5 10. Nbd2 Bg4 11. h3 Bxf3 12. Nxf3 d5 13. Bg5 dxe4 14. dxe4 Qb6 15. Rfd1 Rad8 16. Nh2 h6 17. Be3 Rfe8 18. b4 axb4 19. axb4 Nd7 20. Qc4 Ne7 21. bxc5 Qc6 22. Rd6 Qc7 23. Rad1 Nf6 24. Qb3 Nc6 25. Ng4 Nxg4 26. hxg4 Bf8 27. Rxg6+ Kh7 28. Rxd8 Rxd8 29. Rf6 Rd7 30. g5 hxg5 31. Bh3 Bg7 32. Bxd7 Qxd7 33. Rxf7 Qh3 34. Rxg7+ Kxg7 35. Qxb7+ Kg6 36. Qxc6+ Kh5 37. Qe8+ Kg4 38. Qe6+ Kh5 39. Qxh3+ Kg6 40. Qf5+ Kg7 41. Bxg5 Kg8 42. Qd7 Kh8 43. Bf6+ Kg8 44. Qg7# 1-0


[Site "https://www.chess.com"]

[Event "Titled Tuesday Blitz April 18 Early 2023"]
[White "Sandholm, Klas"]
[Black "Smietanska, Wiktoria"]
[WhiteFideId "510203"]
[BlackFideId "21869359"]
[WhiteElo "2129"]
[BlackElo "1995"]
[Result "1-0"]
[Round "11"]
[TimeControl "180+2"]
[Date "2023.04.18"]
[WhiteClock "0:01:37"]
[BlackClock "0:00:02"]

1. d4 Nf6 2. c4 g6 3. Nf3 Bg7 4. Nc3 O-O 5. g3 d6 6. Bg2 Nc6 7. d5 Na5 8. Qa4 c5 9. dxc6 Nxc6 10. O-O Be6 11. Rd1 Rc8 12. Ng5 Bf5 13. e4 Bd7 14. Qa3 Ne5 15. b3 h6 16. Nf3 Nxe4 17. Nxe4 Nxf3+ 18. Bxf3 Bxa1 19. Bxh6 Bg7 20. Bxg7 Kxg7 21. Qxa7 Bc6 22. Qd4+ Kg8 23. h4 e5 24. Qd2 Qe7 25. Bg2 Rcd8 26. Nxd6 Bxg2 27. Kxg2 f5 28. Qd5+ Kg7 29. c5 Ra8 30. Rd2 e4 31. Qxb7 Qxb7 32. Nxb7 Rab8 33. c6 Rfc8 34. Rd6 Kf7 35. b4 Ke7 36. Rxg6 Rc7 37. b5 Rbc8 38. a4 Ra8 39. b6 Rxb7 40. cxb7 Rb8 41. a5 Rxb7 42. Rg7+ 1-0


[Site "https://www.chess.com"]

[Event "Titled Tuesday Blitz April 18 Early 2023"]
[White "Coelho, Ramyres Santana"]
[Black "Chincholimath, Halsagar"]
[WhiteFideId "2120690"]
[BlackFideId "5022487"]
[WhiteElo "1888"]
[BlackElo "1737"]
[Result "1-0"]
[Round "11"]
[TimeControl "180+2"]
[Date "2023.04.18"]
[WhiteClock "0:01:31"]
[BlackClock "0:00:50"]

1. e4 e5 2. Nf3 Nc6 3. d4 exd4 4. Bc4 Nf6 5. e5 d5 6. Bb5 Ne4 7. Nxd4 Bc5 8. Nxc6 bxc6 9. Bxc6+ Bd7 10. Qxd5 Bxf2+ 11. Kf1 O-O 12. Bxd7 Qh4 13. g3 Bxg3 14. hxg3 Nxg3+ 15. Kg1 Ne2+ 16. Kg2 Nf4+ 17. Bxf4 Qxf4 18. Nc3 Rad8 19. Rad1 c6 20. Qe4 Qg5+ 21. Bg4 1-0


[Site "https://www.chess.com"]

[Event "Titled Tuesday Blitz April 18 Early 2023"]
[White "babbilator"]
[Black "Kriti Mayur Patel"]
[BlackFideId "35061780"]
[WhiteElo "2263"]
[BlackElo "1306"]
[Result "1/2-1/2"]
[Round "11"]
[TimeControl "180+2"]
[Date "2023.04.18"]
[WhiteClock "0:00:08"]
[BlackClock "0:00:50"]

1. e4 e5 2. Nc3 Nf6 3. Nf3 Nc6 4. Bb5 Bb4 5. O-O d6 6. d3 O-O 7. Bg5 Bg4 8. Nd5 Nd4 9. Nxf6+ gxf6 10. Bh6 Nxf3+ 11. gxf3 Bh3 12. Kh1 Bxf1 13. Qxf1 Kh8 14. Bxf8 Qxf8 15. Qh3 Bc5 16. Qh4 Qe7 17. Rg1 Rg8 18. Rxg8+ Kxg8 19. Bc4 c6 20. Kg2 b5 21. Bb3 a5 22. a4 b4 23. Qg4+ Kf8 24. Qc8+ Qe8 25. Qa6 Bd4 26. Qxa5 c5 27. c3 bxc3 28. bxc3 Qb8 29. Bc4 Bxf2 30. Kxf2 Qb2+ 31. Kg3 Qd2 32. Qd8+ Kg7 33. Qxd6 Qg5+ 34. Kf2 Qd2+ 35. Kg3 Qg5+ 36. Kf2 Qd2+ 37. Kf1 Qd1+ 38. Kf2 Qd2+ 1/2-1/2


[Site "https://www.chess.com"]

[Event "Titled Tuesday Blitz April 18 Early 2023"]
[White "Torres Dominguez, David"]
[Black "Clawitter, Craig"]
[WhiteFideId "2220857"]
[BlackFideId "2023105"]
[WhiteElo "1999"]
[BlackElo "2233"]
[Result "1-0"]
[Round "11"]
[TimeControl "180+2"]
[Date "2023.04.18"]
[WhiteClock "0:01:17"]
[BlackClock "0:00:03"]

1. e4 e6 2. d4 d5 3. exd5 exd5 4. Bd3 Bd6 5. Qf3 Nf6 6. h3 Nc6 7. Ne2 Be6 8. Bf4 O-O 9. c3 Re8 10. Nd2 Ne7 11. Bxd6 Qxd6 12. O-O c6 13. Qg3 Qxg3 14. Nxg3 Nc8 15. Rfe1 Nd6 16. f3 g6 17. Kf2 h5 18. h4 Kg7 19. Re2 Bd7 20. Rae1 Rxe2+ 21. Rxe2 Re8 22. Rxe8 Nfxe8 23. Ndf1 Kf6 24. Ne3 Ng7 25. Ne2 Ngf5 26. Bxf5 Nxf5 27. Nxf5 Bxf5 28. g3 Bb1 29. a3 b6 30. Ke3 Kf5 31. Nf4 Ba2 32. Nh3 c5 33. Nf2 Bc4 34. g4+ hxg4 35. fxg4+ Ke6 36. Kf4 f6 37. g5 cxd4 38. cxd4 Be2 39. Nh1 a5 40. Ng3 Bd1 41. Nf1 b5 42. Ne3 Bb3 43. gxf6 Kxf6 44. Ng4+ Ke6 45. Ne5 Bc2 46. Kg5 b4 47. Nxg6 bxa3 48. bxa3 Kf7 49. Ne5+ Kg7 50. h5 Kh7 51. h6 Be4 52. Nd7 Bd3 53. Nf6+ Kh8 54. Nxd5 a4 55. Nb6 1-0


[Site "https://www.chess.com"]

[Event "Titled Tuesday Blitz April 18 Early 2023"]
[White "Antonova, Nadezhda"]
[Black "Santos Flores, Alberto"]
[WhiteFideId "14700182"]
[BlackFideId "3601234"]
[WhiteElo "1765"]
[BlackElo "2235"]
[Result "0-1"]
[Round "11"]
[TimeControl "180+2"]
[Date "2023.04.18"]
[WhiteClock "0:00:01"]
[BlackClock "0:00:40"]

1. Nf3 d5 2. b3 Bf5 3. Bb2 Nd7 4. g3 h6 5. Bg2 Ngf6 6. O-O e6 7. d3 Be7 8. Nbd2 O-O 9. c4 c6 10. Qc2 Bh7 11. a3 a5 12. Ne5 Nxe5 13. Bxe5 Nd7 14. Bc3 Bf6 15. b4 Bxc3 16. Qxc3 Qf6 17. Qxf6 Nxf6 18. c5 Rfb8 19. Nb3 axb4 20. axb4 Nd7 21. Na5 Kf8 22. Ra3 Ra6 23. Rfa1 Rba8 24. Bf1 d4 25. Nc4 Rxa3 26. Rxa3 Rxa3 27. Nxa3 b6 28. b5 Nxc5 29. bxc6 Ke7 30. Nb5 e5 31. Bh3 Ne6 32. Bg2 Kd8 33. Kf1 Nc7 34. Nd6 f6 35. Ke1 b5 36. Kd2 Ke7 37. Nc8+ Kd8 38. Nb6 Bg8 39. e3 dxe3+ 40. fxe3 Na6 41. d4 exd4 42. exd4 Kc7 43. Nd7 Nb4 44. Nc5 Nxc6 45. Kc3 b4+ 46. Kd3 Ne7 47. Na4 Kd6 48. Nb2 Bd5 49. Bh3 g5 50. Bg4 f5 51. Bd1 f4 52. gxf4 gxf4 53. Kd2 Nf5 54. Nd3 Nxd4 55. Nxf4 Bf7 56. Kd3 Kc5 57. Ng2 Bc4+ 58. Kd2 b3 0-1


[Site "https://www.chess.com"]

[Event "Titled Tuesday Blitz April 18 Early 2023"]
[White "Larina, Maria"]
[Black "Ramirez Vido, Robert Yorisan"]
[WhiteFideId "24113182"]
[BlackFideId "3513823"]
[WhiteElo "1848"]
[BlackElo "2399"]
[Result "0-1"]
[Round "11"]
[TimeControl "180+2"]
[Date "2023.04.18"]
[WhiteClock "0:00:19"]
[BlackClock "0:00:13"]

1. e4 d6 2. d4 Nf6 3. Nc3 g6 4. f3 c6 5. Be3 b5 6. Qd2 Nbd7 7. g4 Nb6 8. b3 Bg7 9. h4 h5 10. g5 Nfd7 11. f4 Qc7 12. f5 Nf8 13. Bh3 b4 14. Nce2 a5 15. Nf3 c5 16. e5 Bb7 17. O-O dxe5 18. dxe5 Rd8 19. Qc1 Bxe5 20. Nxe5 Qxe5 21. Bf4 Qxe2 22. Re1 Qf3 23. Re3 Qh1+ 24. Kf2 Qxc1 25. Rxc1 Nd5 26. Be5 f6 27. gxf6 Nxe3 28. fxe7 Kxe7 29. Bxh8 Nxf5 30. Bxf5 gxf5 31. Re1+ Ne6 32. Re2 Rxh8 0-1


[Site "https://www.chess.com"]

[Event "Titled Tuesday Blitz April 18 Early 2023"]
[White "Liu, Casper"]
[Black "Necula, Iulian"]
[WhiteFideId "1454153"]
[BlackFideId "1232380"]
[WhiteElo "2221"]
[BlackElo "1790"]
[Result "1-0"]
[Round "11"]
[TimeControl "180+2"]
[Date "2023.04.18"]
[WhiteClock "0:01:03"]
[BlackClock "0:00:16"]

1. e4 d6 2. d4 Nf6 3. Nc3 e5 4. dxe5 dxe5 5. Qxd8+ Kxd8 6. Bg5 h6 7. O-O-O+ Nd7 8. Bxf6+ gxf6 9. Nd5 Be7 10. g4 c6 11. Ne3 Kc7 12. Nf5 Bc5 13. f3 Nf8 14. Ne2 Bxf5 15. exf5 h5 16. Ng3 Be3+ 17. Kb1 h4 18. Ne4 Nd7 19. Bc4 Raf8 20. h3 b5 21. Bb3 a5 22. a4 Bg5 23. Nd6 Rh7 24. axb5 cxb5 25. Nxb5+ Kc6 26. c4 Nc5 27. Rd6+ Kb7 28. Bc2 Rhh8 29. Rhd1 Rc8 30. Nc3 Kc7 31. Ne4 Nxe4 32. Rd7+ Kb6 33. Bxe4 Rxc4 34. R1d6+ Kc5 35. Rc6+ Kb4 36. Rb7+ 1-0


[Site "https://www.chess.com"]

[Event "Titled Tuesday Blitz April 18 Early 2023"]
[White "Jiganchine, Roman"]
[Black "Mihajlovskij"]
[WhiteFideId "2603667"]
[WhiteElo "2239"]
[BlackElo "2073"]
[Result "1-0"]
[Round "11"]
[TimeControl "180+2"]
[Date "2023.04.18"]
[WhiteClock "0:00:06"]
[BlackClock "0:00:36"]

1. e4 d5 2. exd5 Qxd5 3. Nc3 Qe5+ 4. Qe2 Qxe2+ 5. Ngxe2 c6 6. Ng3 Nf6 7. Bc4 e6 8. f3 Bc5 9. a4 Nbd7 10. a5 O-O 11. d3 Ne5 12. Bb3 Ng6 13. h4 Bd6 14. Nge2 Nh5 15. Kf2 Nhf4 16. h5 Nxe2 17. hxg6 Nxc1 18. gxh7+ Kh8 19. Raxc1 Bb4 20. Ra1 e5 21. Ne4 f6 22. c3 Be7 23. Bc2 Bf5 24. g4 Bg6 25. d4 exd4 26. cxd4 Rad8 27. Ke3 Rd5 28. Nc3 Bxc2 29. Nxd5 cxd5 30. Rac1 Bxh7 31. Rc7 Re8 32. Rxb7 Bb4+ 33. Kf2 Bxa5 34. Rxa7 Bb6 35. Ra4 Rc8 36. Rb4 Ba5 37. Rb5 Rc2+ 38. Kg3 Bc7+ 39. f4 Kg8 40. Rc5 Rxc5 41. dxc5 Be4 42. Ra1 d4 43. Ra7 Bb8 44. Re7 Bc6 45. Re6 Bb5 46. Rb6 d3 47. Rxb8+ Kf7 48. Kf2 1-0


[Site "https://www.chess.com"]

[Event "Titled Tuesday Blitz April 18 Early 2023"]
[White "Ciuffoletti, Paolo"]
[Black "Sanchez, Robert"]
[WhiteFideId "807630"]
[BlackFideId "2034360"]
[WhiteElo "2143"]
[BlackElo "1968"]
[Result "1-0"]
[Round "11"]
[TimeControl "180+2"]
[Date "2023.04.18"]
[WhiteClock "0:00:37"]
[BlackClock "0:01:59"]

1. e4 d5 2. exd5 Qxd5 3. Nc3 Qe6+ 4. Be2 Qg6 5. Nf3 Qxg2 6. Rg1 Qh3 7. d4 Nf6 8. Bf4 c6 9. Qd2 g6 10. Rg3 Qf5 11. Bd3 Qa5 12. O-O-O Bg7 13. Bh6 O-O 14. Bxg7 Kxg7 15. Ne5 b5 16. Kb1 a6 17. h4 Nh5 18. Rg5 Nf6 19. h5 Kh8 20. hxg6 fxg6 21. Nxg6+ hxg6 22. Rxg6 Nh7 23. Rh1 Rf7 24. Qg5 Qd8 25. Rgh6 1-0


[Site "https://www.chess.com"]

[Event "Titled Tuesday Blitz April 18 Early 2023"]
[White "Tuleyeva-Aketayeva, Dana"]
[Black "Semenova, Alina"]
[WhiteFideId "13701932"]
[BlackFideId "24113875"]
[WhiteElo "2030"]
[BlackElo "1833"]
[Result "1-0"]
[Round "11"]
[TimeControl "180+2"]
[Date "2023.04.18"]
[WhiteClock "0:00:33"]
[BlackClock "0:01:33"]

1. d4 Nf6 2. Nf3 g6 3. Ng1 Bg7 4. Nh3 d6 5. g3 O-O 6. Bg2 c6 7. O-O Bg4 8. Nf4 Nbd7 9. h3 Bf5 10. g4 Be6 11. Nxe6 fxe6 12. c4 e5 13. Be3 exd4 14. Bxd4 e5 15. Be3 Qc7 16. Nc3 Rae8 17. Qd2 Nc5 18. Bxc5 dxc5 19. Rad1 Rd8 20. Qe3 Rd4 21. b3 Rfd8 22. Qc1 h6 23. e3 R4d7 24. Rxd7 Rxd7 25. Rd1 Qd8 26. Rxd7 Qxd7 27. Qc2 Kh7 28. Ne4 Nxe4 29. Bxe4 Qd6 30. h4 Bf6 31. Bxg6+ Kg7 32. h5 Bg5 33. Qf5 Bf6 34. Be8 Bg5 35. Qf7+ Kh8 36. Bd7 Be7 37. Be6 Bg5 38. Qg8# 1-0


[Site "https://www.chess.com"]

[Event "Titled Tuesday Blitz April 18 Early 2023"]
[White "Prado, Alexandra"]
[Black "Barria Santos, Jose Guilherme"]
[WhiteFideId "3301346"]
[BlackFideId "1939300"]
[WhiteElo "1759"]
[BlackElo "2266"]
[Result "0-1"]
[Round "11"]
[TimeControl "180+2"]
[Date "2023.04.18"]
[WhiteClock "0:00:02"]
[BlackClock "0:01:01"]

1. e4 c5 2. Nf3 d6 3. c3 Nf6 4. Be2 e6 5. O-O Be7 6. Re1 O-O 7. Bf1 d5 8. exd5 exd5 9. d4 Nc6 10. Bg5 Bg4 11. Bxf6 Bxf6 12. dxc5 Rc8 13. h3 Bh5 14. g4 Bg6 15. Nd4 Ne5 16. g5 Bxg5 17. Rxe5 Rxc5 18. Qg4 Bf6 19. Re1 h5 20. Qg3 Bh4 21. Qf3 Qd7 22. Nd2 Rcc8 23. Bg2 f5 24. Re5 Rc5 25. Rxd5 Qe7 26. Kf1 f4 27. Rxc5 Qxc5 28. Re1 Kh7 29. Qd5 Bd3+ 30. Kg1 Qc8 31. Be4+ Bxe4 32. Qxe4+ Kh8 33. Nf5 Bg5 34. Nd4 Qxh3 35. Qg2 Qh4 36. Re4 f3 37. N2xf3 Qxe4 38. Nxg5 Qe1+ 39. Kh2 Rxf2 0-1


[Site "https://www.chess.com"]

[Event "Titled Tuesday Blitz April 18 Early 2023"]
[White "Thiel, Thomas"]
[Black "Mohammed, Zozek Salah Mohammed"]
[WhiteFideId "4615964"]
[BlackFideId "4803361"]
[WhiteElo "2157"]
[BlackElo "2211"]
[Result "1-0"]
[Round "11"]
[TimeControl "180+2"]
[Date "2023.04.18"]
[WhiteClock "0:01:44"]
[BlackClock "0:01:50"]

1. e4 e6 2. d4 d5 3. Nc3 Nf6 4. Bg5 Bb4 5. e5 Bxc3+ 6. bxc3 h6 7. Bd2 Ne4 8. Bc1 c5 9. f3 Nxc3 10. Qd2 cxd4 11. Qxd4 Qc7 12. Bb2 Nxa2 13. Rxa2 Qxc2 14. Bb5+ Nc6 15. Qa4 Qxg2 16. Bxc6+ Kf8 17. Ba3+ Kg8 18. Rxg2 1-0


[Site "https://www.chess.com"]

[Event "Titled Tuesday Blitz April 18 Early 2023"]
[White "Mesa Cruz, Juan Carlos"]
[Black "rionelG"]
[WhiteFideId "6423400"]
[WhiteElo "2131"]
[BlackElo "2184"]
[Result "1-0"]
[Round "11"]
[TimeControl "180+2"]
[Date "2023.04.18"]
[WhiteClock "0:01:59"]
[BlackClock "0:00:58"]

1. e4 c5 2. Nf3 d6 3. d4 cxd4 4. Nxd4 Nf6 5. Nc3 a6 6. Bg5 Nbd7 7. Bc4 Qb6 8. Bb3 e6 9. Qd2 Be7 10. f4 Qc7 11. Bxe6 fxe6 12. Nxe6 Qa5 13. Nxg7+ Kf7 14. Nf5 Re8 15. O-O-O Nxe4 16. Nxe4 Qxd2+ 17. Rxd2 1-0


[Site "https://www.chess.com"]

[Event "Titled Tuesday Blitz April 18 Early 2023"]
[White "Quispe Santacruz, Javier"]
[Black "Winkels, Marcel"]
[WhiteFideId "3800920"]
[BlackFideId "1003887"]
[WhiteElo "1875"]
[BlackElo "1900"]
[Result "0-1"]
[Round "11"]
[TimeControl "180+2"]
[Date "2023.04.18"]
[WhiteClock "0:00:36"]
[BlackClock "0:00:35"]

1. d4 Nf6 2. c4 g6 3. Nc3 d5 4. cxd5 Nxd5 5. e4 Nxc3 6. bxc3 Bg7 7. Nf3 c5 8. Be3 Qa5 9. Qd2 O-O 10. Rc1 Nd7 11. Be2 Nf6 12. Bd3 Bg4 13. O-O Bxf3 14. gxf3 Rad8 15. d5 Rfe8 16. c4 Qxd2 17. Bxd2 Nd7 18. Rb1 b6 19. Bc2 Ne5 20. Bf4 Nxc4 21. Ba4 Rf8 22. Rfc1 Ne5 23. Bxe5 Bxe5 24. Bc6 Rd6 25. a4 e6 26. a5 exd5 27. Bxd5 Rb8 28. axb6 axb6 29. Rb5 Bd4 30. Rc2 Kg7 31. Ra2 Rd7 32. Kg2 Rc7 33. Bc4 Rd7 34. Ra6 Rd6 35. Ra7 Rf6 36. Bd5 Rc8 37. Rb7 c4 38. Rb1 c3 39. Rc1 c2 40. Bb3 Rfc6 41. Rxf7+ Kh6 42. Rd7 Bb2 0-1


[Site "https://www.chess.com"]

[Event "Titled Tuesday Blitz April 18 Early 2023"]
[White "Berezin, Viktor"]
[Black "Fernandez Hernandez, Gerardo"]
[WhiteFideId "4128869"]
[BlackFideId "2207400"]
[WhiteElo "1790"]
[BlackElo "2159"]
[Result "0-1"]
[Round "11"]
[TimeControl "180+2"]
[Date "2023.04.18"]
[WhiteClock "0:00:01"]
[BlackClock "0:00:39"]

1. d4 Nf6 2. c4 c5 3. d5 b5 4. cxb5 a6 5. bxa6 g6 6. Nc3 Bg7 7. e4 O-O 8. e5 Ne8 9. f4 d6 10. Nf3 Bg4 11. Be2 Nxa6 12. h3 Bxf3 13. Bxf3 dxe5 14. d6 Nxd6 15. Bxa8 Qxa8 16. O-O exf4 17. Bxf4 Bd4+ 18. Kh2 e5 19. Bh6 Rb8 20. Qf3 Qxf3 21. Rxf3 Rxb2 22. Nd5 f5 23. a4 e4 24. Rf4 Be5 25. Rf1 Ra2 26. Kh1 Bxf4 27. Bxf4 Nc4 28. Rc1 Rxa4 29. Bg3 e3 30. Be1 e2 31. Kg1 Nb8 32. Kf2 Nc6 33. Kxe2 Nd4+ 0-1